 Dungeon Crawl Stone Soup version 0.28-a0-932-g843f935a50 (webtiles) character file.

Game seed: 4601879342196236614

10 Anon1729 the Sneak (level 2, 0/19 HPs)
             Began as a Merfolk Enchanter on Nov 27, 2021.
             Slain by a jackal (1 damage)
             ... on level 1 of the Dungeon.
             The game lasted 00:00:20 (654 turns).

Anon1729 the Sneak (Merfolk Enchanter)               Turns: 654, Time: 00:00:21

Health: 0/19       AC:  2    Str:  8    XL:     2   Next: 20%
Magic:  5/5        EV: 13    Int: 14    God:
Gold:   0          SH:  0    Dex: 14    Spells: 5/5 levels left

rFire   . . .      SeeInvis .   a - +1 dagger
rCold   . . .      Faith    .   (no shield)
rNeg    . . .      Spirit   .   b - +0 robe
rPois   .          Reflect  .   (no helmet)
rElec   .          Harm     .   (no cloak)
rCorr   .          Rampage  .   (no gloves)
Will    .....                   (no boots)
Stlth   ++........              (no amulet)
HPRegen 0.06/turn               (no ring)
MPRegen 0.09/turn               (no ring)

@: no status effects
A: (nimble swimmer 2), mertail
a: no special abilities


You were on level 1 of the Dungeon.
You visited 1 branch of the dungeon, and saw 1 of its levels.

Inventory:

Hand Weapons
 a - a +1 dagger (weapon)
Armour
 b - a +0 robe (worn)
Scrolls
 d - a scroll of torment {unknown}
Potions
 c - a potion of invisibility
 e - a potion of might {unknown}


   Skills:
 + Level 1.6 Short Blades
 + Level 3.0 Dodging
 + Level 3.4 Stealth
 + Level 2.1 Spellcasting
 + Level 3.1 Hexes


You had 5 spell levels left.
You didn't know any spells.
Your spell library contained the following spells:

 Spells                   Type           Power      Damage    Failure   Level
 Ensorcelled Hibernation  Hex/Ice        10%        N/A       19%         2
 Confusing Touch          Hex            10%        N/A       19%         3
 Tukima's Dance           Hex            10%        N/A       19%         3
 Dazzling Flash           Conj/Hex       10%        N/A       36%         3


Dungeon Overview and Level Annotations

Branches:
Dungeon (1/15)

Altars:


Innate Abilities, Weirdness & Mutations

((You are quick and stealthy near water. (Stealth+, EV+, Speed+++)))
Your lower body shifts to a powerful aquatic tail in water.


Message History

You kill the jackal!
The jackal closely misses you. The jackal misses you.
Your Dodging skill increases to level 3!
The jackal bites you.
* * * LOW HITPOINT WARNING * * *
The jackal misses you. The jackal bites you.
* * * LOW HITPOINT WARNING * * *
You see here a jackal corpse.
The jackal bites you but does no damage.
The jackal completely misses you. The jackal misses you.
The jackal barely misses you. The jackal closely misses you.
The jackal closely misses you. The jackal barely misses you.
The jackal closely misses you. The jackal bites you.
* * * LOW HITPOINT WARNING * * *
The jackal bites you but does no damage.
You hit the jackal.
The jackal is moderately wounded.
The jackal barely misses you. x2
You hit the jackal but do no damage.
The jackal is moderately wounded.
The jackal closely misses you. x2
You barely miss the jackal.
The jackal is moderately wounded.
The jackal bites you.
* * * LOW HITPOINT WARNING * * *
The jackal bites you.
* * * LOW HITPOINT WARNING * * *
The jackal closely misses you. The jackal barely misses you.
You closely miss the jackal.
The jackal is moderately wounded.
The jackal closely misses you. The jackal misses you.
You hit the jackal but do no damage.
The jackal is moderately wounded.
The jackal bites you but does no damage.
The jackal bites you.
You die...

....... ..#....#
..#....#
..#....#############
...................
.................#
.................#
...............h.#
.....†.........h@#
##...............#
#...............#
###.######......#
#.# #......# #.#
#......# #.#
#......# #..
.......#


You could see 2 jackals.

Vanquished Creatures
  3 hobgoblins (D:1)
  2 jackals (D:1)
  A quokka (D:1)
  A ball python (D:1)
  A bat (D:1)
  A frilled lizard (D:1)
9 creatures vanquished.

Notes
Turn   | Place    | Note
-------+----------+-------------------------------------------
     0 | D:1      | Anon1729 the Merfolk Enchanter began the quest for the Orb.
     0 | D:1      | Reached XP level 1. HP: 13/13 MP: 3/3
   534 | D:1      | Reached XP level 2. HP: 15/19 MP: 5/5
   654 | D:1      | Slain by a jackal

Illustrated notes

Levels and vault maps discovered:
D:1:      minmay_arrival_split_and_join, layout_basic

Skill      XL: |  1  2 |
---------------+-------+-----
Dodging        | 3 |  3.0
Short Blades   | |  1.6
Stealth        | |  3.4
Spellcasting   | |  2.1
Hexes          | |  3.1

Action                   || total
-------------------------++-------
Melee: Dagger            ||    53
 Stab: Sleeping          ||     1
Armor: Robe              ||    21
Dodge: Dodged            ||    77

Table legend: (Time is in decaauts)
 A = Elapsed time spent in this place.
 B = Non-inter-level travel time spent in this place.
 C = Inter-level travel time spent in this place.
 D = Time resting spent in this place.
 E = Time spent auto-exploring this place.
 F = Levels seen in this place.
 G = Mean time per level.
                   A        B        C        D        E       F      G
               +--------+--------+--------+--------+--------+-----+--------+
         Total |    650 |    650 |      0 |    156 |    404 |   1 |  650.0 |
       Dungeon |    650 |    650 |      0 |    156 |    404 |   1 |  650.0 |
               +--------+--------+--------+--------+--------+-----+--------+

Top non-repeatable levels by time:
     D:1: 650 daAuts
